 Dungeon Crawl Stone Soup version 0.30-a0-779-g7971cf19c3 (webtiles) character file.

Game seed: 14171869187960473328

450 Bitman the Covered (level 6, -6/56 HPs)
             Began as a Minotaur Fighter on Feb 18, 2023.
             Was a Follower of Okawaru.
             Mangled by an iguana (10 damage)
             ... on level 5 of the Dungeon.
             The game lasted 00:07:39 (3135 turns).

Bitman the Covered (Minotaur Fighter)               Turns: 3135, Time: 00:07:40

Health: -6/56      AC: 19    Str: 22    XL:     6   Next: 74%
Magic:  5/5        EV:  7    Int:  5    God:    Okawaru [*.....]
Gold:   256        SH:  5    Dex: 15    Spells: 5/5 levels left

rFire   . . .      SeeInvis .    a - +1 war axe
rCold   . . .      Faith    .    c - +0 buckler
rNeg    . . .      Spirit   .    e - +4 plate armour {rPois}
rPois   +          Reflect  .    (helmet restricted)
rElec   .          Harm     +    (no cloak)
rCorr   .          Rampage  .    (no gloves)
Will    +....      NoCast   +    k - +2 pair of boots of a bailey {-Cast Harm Will+ Dex+5} Stlth
                                 (no amulet)
HPRegen 0.29/turn                (no ring)
MPRegen 0.09/turn                (no ring)

@: no status effects
A: horns 2, retaliatory headbutt
a: Renounce Religion, Heroism


You were on level 5 of the Dungeon.
You worshipped Okawaru.
Okawaru was aware of your devotion.
You visited 1 branch of the dungeon, and saw 5 of its levels.

You collected 256 gold pieces.

Inventory:

Hand Weapons
 a - a +1 war axe (weapon)
Missiles
 n - 5 boomerangs (quivered)
Armour
 c - a +0 buckler (worn)
 e - a +4 plate armour of poison resistance (worn)
 k - the +2 pair of boots of a bailey (worn) {-Cast Harm Will+ Dex+5}
   (You found it on level 4 of the Dungeon)

   Dex:       It affects your dexterity (+5).
   -Cast:     It prevents spellcasting.
   Harm:      It increases damage dealt and taken.
   Will:      It increases your willpower.
Scrolls
 d - a scroll of torment {unknown}
 f - a scroll of identify
 g - a scroll of fear {unknown}
 m - a scroll of enchant weapon
 p - 2 scrolls of teleportation
Potions
 b - a potion of ambrosia
 h - a potion of flight
 i - a potion of haste
 j - 2 potions of brilliance
 l - 4 potions of curing
 o - a potion of experience {unknown}


   Skills:
 + Level 5.0 Fighting
 * Level 5.0 Axes
 + Level 1.9 Throwing
 + Level 5.1 Armour
 + Level 2.0 Dodging
 + Level 5.1 Shields


You had 5 spell levels left.
You didn't know any spells.
Your spell library contained the following spells:

 Spells                   Type           Power      Damage    Failure   Level
 Leda's Liquefaction      Hex/Erth       0%         N/A       100%        4
 Lee's Rapid Deconstruct  Erth           0%         3d4*      100%        5
 Statue Form              Tmut/Erth      0%         N/A       100%        6


Dungeon Overview and Level Annotations

Branches:
Dungeon (5/15)             Temple (0/1) D:5

Altars:
Elyvilon
Fedhas
Gozag
Nemelex Xobeh
Okawaru
Vehumet

Shops:
D:2 (

Annotations:
D:4 2 transporters


Innate Abilities, Weirdness & Mutations

You have a pair of horns on your head.
You reflexively headbutt those who attack you in melee.


Message History

Your Dodging skill increases to level 2!
You slash the shadow imp!
You kill the shadow imp!
Okawaru accepts your kill.
Your Axes skill increases to level 5!
You start resting.
You feel a little less mighty now.
You start resting.
HP restored.
d - a scroll labelled FOUSSO BELAOCVUED You now have 256 gold pieces (gained 14).
Found 4 stones.
You open the large door.
Found a sparkling altar of Nemelex Xobeh.
Found an escape hatch in the floor.
Found a stone staircase leading up.
Found a quarterstaff.
An ogre comes into view. It is wielding a +0 giant spiked club.
The ogre shouts!
An iguana comes into view.
You completely miss the ogre. Your headbutt misses the ogre.
The ogre hits you with a +0 giant spiked club!
You slash the ogre!
The ogre is moderately wounded.
The ogre hits you with a +0 giant spiked club!!
Ouch! That really hurt!
* * * LOW HITPOINT WARNING * * *
You are too injured to fight recklessly!
You are too injured to fight recklessly!
You hit the ogre but do no damage.
The ogre is moderately wounded.
You block the ogre's attack.
You slash the ogre!
The ogre is almost dead.
You hit the iguana but do no damage.
The iguana bites you but does no damage.
The ogre hits you with a +0 giant spiked club!
* * * LOW HITPOINT WARNING * * *
The iguana bites you!
You die...

.# #..# .####.###
.......#
...##...#####.......#
.........~~~........#
........~§§§~.......#
.....).~§~~§~§#.....#
.......~§§>~§~##....#
###....~~§§§~~##Ol..#
#.....~~~~~.##@##
###......§§§......+
.........§....##..#
..............###..#
...##.....########...
....+..................
#####...................
#...#......#######......
#...#......# .....


You could see an ogre and an iguana.

Vanquished Creatures
  An ogre (D:5)
  A necrophage (D:4)
  2 scorpions (D:4)
  3 hounds
  3 adders
  A shadow imp (D:5)
  3 worms
  2 dart slugs
  An orc (D:4)
  5 bats
  4 endoplasms
  5 goblins
  7 hobgoblins
  3 jackals (D:3)
  A quokka (D:1)
  6 ball pythons
  3 frilled lizards
  9 kobolds
  2 rats (D:3)
62 creatures vanquished.

Vanquished Creatures (others)
  A quokka (D:3)
1 creature vanquished.

Grand Total: 63 creatures vanquished

Notes
Turn   | Place    | Note
-------+----------+-------------------------------------------
     0 | D:1      | Bitman the Minotaur Fighter began the quest for the Orb.
     0 | D:1      | Reached XP level 1. HP: 19/19 MP: 0/0
   224 | D:1      | Reached XP level 2. HP: 25/27 MP: 1/1
   976 | D:2      | Reached XP level 3. HP: 28/33 MP: 2/2
  1106 | D:2      | Found Jydepliv's Antique Weapon Emporium.
  1468 | D:3      | Reached XP level 4. HP: 31/41 MP: 3/3
  1512 | D:3      | Found a faded altar of an unknown god.
  1828 | D:3      | Found an iron altar of Okawaru.
  1839 | D:3      | Became a worshipper of Warmaster Okawaru
  2046 | D:3      | Found a blossoming altar of Fedhas.
  2058 | D:3      | Found a white marble altar of Elyvilon.
  2207 | D:3      | Identified a scroll of acquirement
  2207 | D:3      | Acquired a +3 plate armour of poison resistance
  2362 | D:4      | Noticed a scorpion
  2366 | D:4      | Killed a scorpion
  2367 | D:4      | Reached XP level 5. HP: 36/47 MP: 4/4
  2484 | D:4      | Reached skill level 1 in Throwing
  2484 | D:4      | Reached skill level 1 in Dodging
  2501 | D:4      | Found an opulent altar of Gozag.
  2608 | D:4      | Noticed an ogre
  2611 | D:4      | Found a transporter.
  2612 | D:4      | Noticed a water moccasin
  2612 | D:4      | Noticed a centaur
  2615 | D:4      | Found a transporter.
  2622 | D:4      | Identified the +2 pair of boots of a bailey {-Cast Harm
                  | Will+ Dex+5}
  2625 | D:4      | Reached XP level 6. HP: 52/55 MP: 5/5
  2870 | D:4      | Found a radiant altar of Vehumet.
  2922 | D:5      | Entered Level 5 of the Dungeon
  2955 | D:5      | Found a staircase to the Ecumenical Temple.
  2962 | D:5      | Reached * piety under Okawaru
  2963 | D:5      | Reached skill level 5 in Fighting
  2963 | D:5      | Reached skill level 5 in Armour
  2963 | D:5      | Reached skill level 5 in Shields
  2965 | D:5      | Reached skill level 5 in Axes
  3083 | D:5      | Found a sparkling altar of Nemelex Xobeh.
  3135 | D:5      | Mangled by an iguana

Illustrated notes

Levels and vault maps discovered:
D:1:      wheals_arrival_linesprint, layout_loops_ring
D:2:      layout_basic, serial_shops, shop
D:3:      layout_basic, mainiacjoe_overflow_paths, okawaru_metal_pillars_1_2,
          elyvilon_altar_4, shapermc_ecumenical_altar_starsandcircs,
          minmay_misc_feat_diagonals
D:4:      layout_basic, gammafunk_temple_overflow_arena,
          mainiacjoe_overflow_alcove_4, nicolae_underground_beach
D:5:      layout_basic, nicolae_hepliaklqana_hippocampus,
          general_overflow_altar, minmay_temple_entry_mist, uniq_ijyb

Skill      XL: |  1  2  3  4  5  6 |
---------------+-------------------+-----
Fighting       | 4 5 |  5.0
Axes           | 3 4 5 |  5.0
Armour         | 4 5 |  5.1
Shields        | 4 5 |  5.1
Throwing       | 1 |  1.9
Dodging        | 1 2 |  2.0

Action                     |  1- 3 |  4- 6 || total
---------------------------+-------+-------++-------
  Melee: War axe           |    69 |    62 ||   131
         Headbutt          |     8 |     4 ||    12
    Use: Scroll            |       |    14 ||    14
         Potion            |       |     2 ||     2
 Armour: Scale mail        |    35 |     1 ||    36
         Chain mail        |       |    11 ||    11
         Plate armour      |       |    21 ||    21
  Dodge: Dodged            |    26 |    26 ||    52
  Block: Buckler           |    21 |    16 ||    37

Table legend: (Time is in decaauts)
 A = Elapsed time spent in this place.
 B = Non-inter-level travel time spent in this place.
 C = Inter-level travel time spent in this place.
 D = Time resting spent in this place.
 E = Time spent auto-exploring this place.
 F = Levels seen in this place.
 G = Mean time per level.
                   A        B        C        D        E       F      G
               +--------+--------+--------+--------+--------+-----+--------+
         Total |   3164 |   3036 |    128 |    101 |   2475 |   5 |  632.8 |
       Dungeon |   3164 |   3036 |    128 |    101 |   2475 |   5 |  632.8 |
               +--------+--------+--------+--------+--------+-----+--------+

Top non-repeatable levels by time:
     D:1: 885 daAuts
     D:3: 841 daAuts
     D:4: 670 daAuts
     D:2: 553 daAuts
     D:5: 214 daAuts
